 Dungeon Crawl Stone Soup version 0.28-a0-206-gc2c9e32840 (webtiles) character file.

Game seed: 8575368892494418258

63 zdrol the Skirmisher (level 3, -3/34 HPs)
             Began as a Minotaur Monk on Aug 20, 2021.
             Slain by Crazy Yiuf (13 damage)
             ... on level 2 of the Dungeon.
             The game lasted 00:08:12 (1598 turns).

zdrol the Skirmisher (Minotaur Monk)                Turns: 1598, Time: 00:08:12

Health: -3/34      AC:  4    Str: 16    XL:     3   Next: 89%
Magic:  2/2        EV: 13    Int:  7    God:
Gold:   113        SH:  0    Dex: 12    Spells: 2/2 levels left

rFire   . . .      SeeInvis .   a - +0 hand axe
rCold   . . .      Faith    .   (no shield)
rNeg    . . .      Spirit   .   b - +1 robe
rPois   .          Reflect  .   (helmet restricted)
rElec   .          Harm     .   (no cloak)
rCorr   .          Rampage  .   (no gloves)
Will    .....                   d - +0 pair of boots
Stlth   ++........              c - amulet of the acrobat
HPRegen 0.11/turn               (no ring)
MPRegen 0.08/turn               (no ring)

@: lethally poisoned (-3 -> -9)
A: horns 2, retaliatory headbutt
a: no special abilities


You were on level 2 of the Dungeon.
You visited 1 branch of the dungeon, and saw 2 of its levels.

You collected 113 gold pieces.

Inventory:

Hand Weapons
 a - a +0 hand axe (weapon)
Armour
 b - a +1 robe (worn)
 d - a +0 pair of boots (worn)
Jewellery
 c - an amulet of the acrobat (around neck)


   Skills:
 + Level 4.4 Fighting
 + Level 4.3 Axes
 + Level 4.0 Dodging
 + Level 1.8 Stealth


You had 2 spell levels left.
You didn't know any spells.
Your spell library contained the following spells:

 Spells                   Type           Power      Damage    Failure   Level
 Shock                    Conj/Air       0%         1d3       43%         1
 Stone Arrow              Conj/Erth      0%         3d7       80%         3
 Swiftness                Air            0%         N/A       80%         3
 Airstrike                Air            0%         N/A       99%         4
 Animate Armour           Summ/Erth      0%         N/A       99%         4
 Lehudib's Crystal Spear  Conj/Erth      0%         10d2      100%        8


Dungeon Overview and Level Annotations

Branches:
Dungeon (2/15)

Altars:
Uskayaw

Annotations:
D:2 Crazy Yiuf


Innate Abilities, Weirdness & Mutations

You have a pair of horns on your head.
You reflexively headbutt those who attack you in melee.


Message History

a +0 club; a goblin skeleton
Things that are here:
a +0 dagger; a goblin skeleton
Items here: ))))))) ÷÷÷÷÷÷.
Okay, then.
Found a stone staircase leading down.
Found 5 gold pieces.
There is a hide-covered altar of Uskayaw here.
Found 9 gold pieces.
You now have 104 gold pieces (gained 5).
You now have 113 gold pieces (gained 9).
There is a shaft here.
Found a mace.
Found a runed translucent door.
You open the door.
Crazy Yiuf shouts!
There is an open translucent door here.
Crazy Yiuf grits, "Rifle!"
Crazy Yiuf barely misses you.
You slash Crazy Yiuf!
Crazy Yiuf is moderately wounded.
Crazy Yiuf closely misses you.
You slash Crazy Yiuf!
Crazy Yiuf is severely wounded.
Crazy Yiuf barely misses you.
You hit Crazy Yiuf.
Crazy Yiuf is severely wounded.
Crazy Yiuf barely misses you.
You hit Crazy Yiuf but do no damage.
Crazy Yiuf is severely wounded.
Crazy Yiuf hits you with a +4 quarterstaff of chaos!
You are poisoned.
You barely miss Crazy Yiuf.
Crazy Yiuf is severely wounded.
You feel very sick.
Crazy Yiuf hits you with a +4 quarterstaff of chaos.
You hit Crazy Yiuf but do no damage. You headbutt Crazy Yiuf.
Crazy Yiuf is almost dead.
You feel sick.
Crazy Yiuf hits you with a +4 quarterstaff of chaos!
You die...

########............
#................###
#..................)
##############....##
#...... #...###
##### ♣♣##...#
#)..#♣♣ ♣♣....#.###
#.g@'.♣♣♣♣.......##.
#...#♣..♣...........
#####♣♣♣.♣....###...
♣♣♣♣♣##..#.## ##.#.#
#...## ###...#
##...#^# #..###..


You could see Crazy Yiuf.

Vanquished Creatures
  Robin (D:2)
  An adder (D:2)
  A worm (D:2)
  A dart slug (D:1)
  An orc (D:2)
  An endoplasm (D:1)
  11 goblins
  5 hobgoblins
  2 quokkas
  6 bats
  2 frilled lizards (D:1)
  7 rats
39 creatures vanquished.

Vanquished Creatures (others)
  A plant (D:1)
1 creature vanquished.

Grand Total: 40 creatures vanquished

Notes
Turn   | Place    | Note
-------+----------+-------------------------------------------
     0 | D:1      | zdrol the Minotaur Monk began the quest for the Orb.
     0 | D:1      | Reached XP level 1. HP: 19/19 MP: 0/0
   207 | D:1      | Reached XP level 2. HP: 26/27 MP: 1/1
   930 | D:2      | Found a faded altar of an unknown god.
   990 | D:2      | Reached XP level 3. HP: 33/33 MP: 2/2
  1111 | D:2      | Found a hide-covered altar of Uskayaw.
  1112 | D:2      | Noticed Robin
  1142 | D:2      | HP: 1/34 [Robin (6)]
  1172 | D:2      | Killed Robin
  1586 | D:2      | Found a runed translucent door.
  1587 | D:2      | Noticed Crazy Yiuf
  1598 | D:2      | Slain by Crazy Yiuf

Illustrated notes

Levels and vault maps discovered:
D:1:      minmay_arrival_stair_chambers, layout_rooms, serial_forest,
          infiniplex_forest_straight_4, infiniplex_forest_end_2,
          infiniplex_forest_clump_small, infiniplex_forest_straight_5,
          infiniplex_forest_straight_4, infiniplex_forest_end_3,
          infiniplex_forest_3_way, chequers_serial_rivers_small_b,
          nrook_mini_backslash, grunt_decor_one_mirror
D:2:      layout_rooms, hellmonk_ecumenical_altar_blasted, serial_shops,
          nicolae_shop_statue_plus, basic_altar, uniq_robin,
          uniq_crazy_yiuf_cottage

Skill      XL: |  1  2  3 |
---------------+----------+-----
Fighting       | 4 |  4.4
Axes           | 4 |  4.3
Dodging        | 4 |  4.0
Stealth        | |  1.8

Action                   || total
-------------------------++-------
Melee: Hand axe          ||    98
       Headbutt          ||    20
  Use: Scroll            ||     2
       Potion            ||     1
 Stab: Distracted        ||     1
Armor: Robe              ||    17
Dodge: Dodged            ||    91

Table legend: (Time is in decaauts)
 A = Elapsed time spent in this place.
 B = Non-inter-level travel time spent in this place.
 C = Inter-level travel time spent in this place.
 D = Time resting spent in this place.
 E = Time spent auto-exploring this place.
 F = Levels seen in this place.
 G = Mean time per level.
                   A        B        C        D        E       F      G
               +--------+--------+--------+--------+--------+-----+--------+
         Total |   1609 |   1609 |      0 |      0 |    852 |   2 |  804.5 |
       Dungeon |   1609 |   1609 |      0 |      0 |    852 |   2 |  804.5 |
               +--------+--------+--------+--------+--------+-----+--------+

Top non-repeatable levels by time:
     D:1: 936 daAuts
     D:2: 673 daAuts
